 Dungeon Crawl Stone Soup version 0.18.1-48-g4cf74bf (webtiles) character file.

6022 nikopol the Cleaver (level 10, -14/136 HPs)
             Began as a Minotaur Berserker on Aug 31, 2016.
             Was a High Priest of Trog.
             Demolished by an orc warlord
             ... wielding a +0 war axe of venom
              (17 damage)
             ... in a bailey.
             The game lasted 00:19:15 (7417 turns).

nikopol the Cleaver (Minotaur Berserker)            Turns: 7417, Time: 00:19:16

Health: -14/136    AC: 19    Str: 27    XL:     10   Next: 56%
Magic:  9/9        EV: 16    Int:  4    God:    Trog [*****.]
Gold:   157        SH:  0    Dex: 13    Spells: 0 memorised, 9 levels left

rFire  . . .     SeeInvis .     A - +1 battleaxe (curse)
rCold  . . .     Gourm    .     t - +0 chain mail (curse)
rNeg   . . .     Faith    .     (shield currently unavailable)
rPois  +         Spirit   .     M - +2 hat
rElec  .         Dismiss  .     K - +2 cloak {rPois}
rCorr  .         Reflect  .     L - +1 pair of gloves
SustAt +         Harm     .     (no boots)
MR     .....                    (no amulet)
Stlth  ..........               x - ring of sustain attributes
                                B - +3 ring of evasion

@: berserking (expiring), lethally poisoned (-14 -> -14), very quick, not
resistant to hostile enchantments, extremely unstealthy
A: retaliatory headbutt, horns 2
a: Berserk, Trog's Hand, Brothers in Arms, Burn Spellbooks, Renounce Religion


You were in a bailey.
You worshipped Trog.
Trog was extremely pleased with you.
You were not hungry.

You visited 1 branch of the dungeon, and saw 10 of its levels.
You also visited: Bailey.

You collected 507 gold pieces.
You spent 350 gold pieces at shops.

Inventory:

Hand Weapons
 a - a +0 hand axe
 z - a +0 shortbow
 A - a cursed +1 battleaxe (weapon)
Missiles
 e - 108 arrows (quivered)
Armour
 b - a +0 animal skin
 i - a +0 ring mail
 t - a cursed +0 chain mail (worn)
 w - a cursed +0 leather armour
 y - a cursed +0 leather armour
 K - a +2 cloak of poison resistance (worn)
 L - a +1 pair of gloves (worn)
 M - a +2 hat (worn)
Jewellery
 o - an uncursed ring of protection from cold {unknown}
 s - an uncursed ring of protection from fire
 x - a ring of sustain attributes (right hand)
 B - a +3 ring of evasion (left hand)
Wands
 m - a wand of enslavement (2/24)
 n - a wand of disintegration (22/24)
Scrolls
 f - a scroll of magic mapping
 h - 2 scrolls of enchant weapon
 j - 5 scrolls of identify
 v - a scroll of fear
 F - 3 scrolls of blinking
 G - a scroll of teleportation
Potions
 d - 4 potions of curing
 g - a potion of cure mutation
 p - a potion of haste {unknown}
 q - 3 potions of heal wounds
 u - 4 potions of magic
 C - a potion of might {unknown}
 E - a potion of agility
 I - a potion of brilliance {unknown}
 J - a potion of resistance {unknown}
Comestibles
 c - 9 bread rations
 k - 6 meat rations
 l - 4 chunks of flesh
 r - a slice of pizza
 D - 2 royal jellies
 H - 3 beef jerkies


   Skills:
 + Level 9.5 Fighting
 * Level 10.5 Axes
 * Level 5.5 Bows
 + Level 9.0 Armour
 + Level 8.4 Dodging


You had 9 spell levels left.
You didn't know any spells.

Dungeon Overview and Level Annotations

Branches:
Dungeon (10/15)            Temple (0/1) D:6            Lair (0/8) D:9
    Orc: D:9-12

Altars:
Ashenzari
Dithmenos
Fedhas
Gozag
Kikubaaqudgha
Okawaru
Ru
Sif Muna

Shops:
D:4 :   D:8 [!}


Innate Abilities, Weirdness & Mutations

You reflexively headbutt those who attack you in melee.
You have a pair of horns on your head.


Message History

The orc warrior no longer looks unusually strong.
You hit the orc warlord but do no damage.
The orc warlord is severely wounded.
You feel sick.
The orc warrior no longer looks unusually strong.
The orc warlord barely misses you.
Your chain mail prevents you from hitting the orc warlord.
You headbutt the orc warlord, but do no damage.
The orc warlord is severely wounded.
You slash the orc warlord!
You headbutt the orc warlord, but do no damage.
The orc warlord is almost dead.
The orc warlord hits you with a war axe of venom!!
* * * LOW HITPOINT WARNING * * *
You hit the orc warlord but do no damage.
You headbutt the orc warlord, but do no damage.
The orc warlord is almost dead.
You feel sick.
The orc warlord hits you with a war axe of venom!
You die...

.........#...........#
)).......#...........#
))......###.........###
#)....###.###.....#)#.###
###.###
...###.###))...### ..###
.... ###.........## ...#
....o #8..........# ...#
...ogg#8..........# ...#
...ggoo@....⌠....∩# ...#
....go#8..........# ...#
....o #8..........# ..###
.... ###.........##
###.###
...###.###)))..###
#.....###.###.....#)#.###
........###.........###
.........#...........#
.........#...........#


You could see an orc warlord, 5 orc warriors, a gnoll, a hobgoblin and 3
goblins.

Vanquished Creatures
  Erica (D:9)
  Maurice (D:9)
  A steam dragon (D:8)
  Eustachio (D:6)
  A hungry ghost (D:7)
  3 vampire mosquitoes
  3 sky beasts
  12 orc warriors
  A phantom (D:9)
  3 ogres
  A centaur (D:8)
  A big kobold (D:9)
  5 giant frogs
  3 killer bees (D:9)
  5 wights (D:6)
  3 howler monkeys
  2 centaur zombies
  2 crimson imps (D:5)
  A giant frog zombie (D:7)
  A giant frog skeleton (D:6)
  2 hounds
  2 jellies
  3 orc priests
  A gnoll shaman (D:9)
  7 orc wizards
  3 iguanas
  6 worker ants
  A hound zombie (D:6)
  2 worker ant zombies
  12 gnolls
  A howler monkey skeleton (D:9)
  7 adders
  An adder zombie (D:5)
  An adder skeleton (D:9)
  3 worms
  A dart slug (D:3)
  10 giant geckos
  40 orcs
  2 ball pythons
  4 bats
  9 giant cockroaches
  22 goblins
  14 hobgoblins
  18 jackals
  6 quokkas
  A giant cockroach zombie (D:4)
  6 giant newts
  16 kobolds
  6 rats
  8 fungi (D:9)
  A plant (D:9)
267 creatures vanquished.

Notes
Turn   | Place    | Note
--------------------------------------------------------------
     0 | D:1      | nikopol the Minotaur Berserker began the quest for the Orb.
     0 | D:1      | Reached XP level 1. HP: 19/19 MP: 0/0
   209 | D:1      | Reached XP level 2. HP: 27/27 MP: 1/1
   410 | D:1      | Reached skill level 4 in Axes
   469 | D:2      | Found a shadowy altar of Dithmenos.
   480 | D:2      | Reached XP level 3. HP: 26/33 MP: 2/2
   482 | D:2      | Reached ** piety under Trog
   506 | D:2      | Found a faded altar to an unknown god.
   921 | D:3      | Reached XP level 4. HP: 33/41 MP: 3/3
  1195 | D:3      | Reached *** piety under Trog
  1643 | D:4      | Reached skill level 5 in Fighting
  1643 | D:4      | Reached XP level 5. HP: 44/48 MP: 4/4
  1645 | D:4      | Reached skill level 5 in Axes
  1656 | D:4      | Found an opulent altar of Gozag.
  2304 | D:4      | Found Fuimm's Book Shoppe.
  2450 | D:5      | Entered Level 5 of the Dungeon
  2808 | D:5      | Reached XP level 6. HP: 52/56 MP: 5/5
  3183 | D:6      | Found a shattered altar of Ashenzari.
  3185 | D:6      | Found a shadowy altar of Dithmenos.
  3185 | D:6      | Found a deep blue altar of Sif Muna.
  3247 | D:6      | Reached skill level 5 in Armour
  3306 | D:6      | Found an ancient bone altar of Kikubaaqudgha.
  3443 | D:6      | Reached XP level 7. HP: 27/62 MP: 6/6
  3700 | D:6      | Reached skill level 6 in Axes
  3702 | D:6      | Found a staircase to the Ecumenical Temple.
  3781 | D:6      | Noticed Eustachio
  3801 | D:6      | Killed Eustachio
  3835 | D:6      | Reached skill level 5 in Dodging
  4017 | D:6      | Reached XP level 8. HP: 65/71 MP: 7/7
  4115 | D:6      | Found a blossoming altar of Fedhas.
  4115 | D:6      | Found an iron altar of Okawaru.
  4200 | D:7      | Reached **** piety under Trog
  4336 | D:7      | Reached skill level 7 in Axes
  5072 | D:8      | Found a sacrificial altar of Ru.
  5173 | D:8      | Reached skill level 8 in Axes
  5173 | D:8      | Reached XP level 9. HP: 71/81 MP: 8/8
  5206 | D:8      | Found Zyodghog's Antique Armour Boutique.
  5219 | D:8      | Bought a glowing cloak for 121 gold pieces
  5219 | D:8      | Bought a pair of embroidered gloves for 121 gold pieces
  5219 | D:8      | Bought a runed hat for 108 gold pieces
  5494 | D:8      | Found Veothrob's Gadget Boutique.
  5495 | D:8      | Found Ogisom's Distillery.
  6144 | D:9      | Reached skill level 1 in Bows
  6152 | D:9      | Received a gift from Trog
  6218 | D:9      | Noticed Erica
  6234 | D:9      | Killed Erica
  6234 | D:9      | Reached skill level 9 in Axes
  6370 | D:9      | Found a staircase to the Lair.
  6406 | D:9      | Reached ***** piety under Trog
  6550 | D:9      | Reached XP level 10. HP: 72/91 MP: 9/9
  6833 | D:9      | Noticed Maurice
  6850 | D:9      | Killed Maurice
  6850 | D:9      | Reached skill level 10 in Axes
  6955 | D:10     | Entered Level 10 of the Dungeon
  6991 | D:10     | Found a flagged portal.
  6998 | Bailey   | Entered a bailey
  7121 | Bailey   | Reached skill level 5 in Bows
  7188 | Bailey   | Received a gift from Trog
  7393 | Bailey   | Noticed an orc warlord
  7416 | Bailey   | HP: 4/136 [orc warlord/war axe of venom (21)]
  7417 | Bailey   | Demolished by an orc warlord

Skill      XL: |  1  2  3  4  5  6  7  8  9 10 |
---------------+-------------------------------+-----
Axes           | 4 5 6 8 9 10 | 10.5
Fighting       | 4 5 6 8 9 |  9.5
Armour         | 3 4 5 6 7 8 9 |  9.0
Dodging        | 3 4 5 6 7 8 |  8.4
Bows           | 3 5 |  5.5

Action                   |  1- 3 |  4- 6 |  7- 9 | 10-12 || total
-------------------------+-------+-------+-------+-------++-------
Melee: Hand axe          |    87 |   144 |     7 |       ||   238
       Headbutt          |     8 |    26 |    44 |    36 ||   114
       Battleaxe         |       |       |   229 |   149 ||   378
Invok: Berserk           |       |     1 |     3 |     1 ||     5
       Burn Spellbooks   |       |       |     1 |       ||     1
  Use: Scroll            |       |       |    17 |     1 ||    18
 Stab: Paralysed         |       |       |     1 |       ||     1
  Eat: Chunk             |       |     8 |    13 |     3 ||    24
       Beef jerky        |       |     1 |       |       ||     1
       Meat ration       |       |       |     1 |       ||     1
Armor: Animal skin       |     1 |       |       |       ||     1
       Ring mail         |    35 |    28 |       |       ||    63
       Chain mail        |       |    34 |   154 |    46 ||   234
Dodge: Dodged            |    66 |    84 |   196 |    87 ||   433
